 Dungeon Crawl Stone Soup version 0.26.1 (webtiles) character file.

Game seed: 16678261527273393

140 Gauvater the Firebug (level 5, -2/32 HPs)
             Began as an Octopode Fire Elementalist on Feb 7, 2021.
             Slain by a gnoll
             ... wielding a +0 club
              (5 damage)
             ... on level 3 of the Dungeon.
             The game lasted 00:13:07 (3770 turns).

Gauvater the Firebug (Octopode Fire Elementalist)   Turns: 3770, Time: 00:13:07

Health: -2/32      AC:  1    Str: 14    XL:     5   Next: 22%
Magic:  9/9        EV: 13    Int: 18    God:
Gold:   101        SH:  0    Dex: 12    Spells: 6/10 levels left

rFire    + . .     SeeInvis .   v - staff of fire
rCold    . . .     Faith    .   (no shield)
rNeg     . . .     Spirit   .   (helmet restricted)
rPois    .         Reflect  .   (no amulet)
rElec    .         Harm     .   c - +6 ring of strength
rCorr    .         Rampage  .   (no ring)
Will     .....                  (no ring)
Stlth    +++.......             (no ring)
HPRegen  0.10/turn              (no ring)
MPRegen  0.11/turn              (no ring)
                                (no ring)
                                (no ring)

@: no status effects
A: almost no armour, stealthy swim, amphibious, 8 rings, constrict 8, camouflage
1, gelatinous body 1
a: no special abilities


You were on level 3 of the Dungeon.
You visited 1 branch of the dungeon, and saw 3 of its levels.

You collected 101 gold pieces.

Inventory:

Hand Weapons
 t - a +0 short sword
Missiles
 g - 82 stones
 j - 29 bolts
 o - 68 arrows
 s - 20 poisoned darts
Magical Staves
 v - an uncursed staff of fire (weapon)
Jewellery
 c - a +6 ring of strength (left tentacle)
Scrolls
 a - a scroll of enchant weapon {unknown}
 e - 2 scrolls of fog {unknown}
 h - 2 scrolls of teleportation {unknown}
 i - a scroll of noise {unknown}
 q - a scroll of magic mapping {unknown}
 r - 2 scrolls of amnesia {unknown}
 w - 2 scrolls of remove curse {unknown}
Potions
 b - 2 potions of mutation {unknown}
 d - a potion of curing {unknown}
 f - a potion of haste {unknown}
 k - 2 potions of invisibility {unknown}
 l - 2 potions of cancellation {unknown}
 m - 5 potions of brilliance {unknown}
 n - 2 potions of heal wounds {unknown}
 p - 3 potions of might {unknown}
 u - a potion of lignification {unknown}


   Skills:
 + Level 0.6 Fighting
 - Level 0.1 Short Blades
 + Level 2.4 Dodging
 + Level 3.1 Stealth
 * Level 3.2 Spellcasting
 + Level 2.1 Conjurations
 + Level 4.0 Fire Magic


You had 6 spell levels left.
You knew the following spells:

 Your Spells              Type           Power        Failure   Level
a - Foxfire               Conj/Fire      80%          4%          1
b - Conjure Flame         Conj/Fire      20%          14%         3

Your spell library contained the following spells:

 Spells                   Type           Power        Failure   Level
 Inner Flame              Hex/Fire       15%          22%         3
 Sticky Flame             Conj/Fire      20%          41%         4
 Fireball                 Conj/Fire      10%          77%         5


Dungeon Overview and Level Annotations

Branches:
Dungeon (3/15)

Altars:
Okawaru

Annotations:
D:3 Robin


Innate Abilities, Weirdness & Mutations

You cannot wear most types of armour.
You are very stealthy in the water. (Stealth+)
You are amphibious.
You can wear up to eight rings at the same time.
You can use your tentacles to constrict eight enemies at once.
Your skin changes colour to match your surroundings (Stealth+).
Your rubbery body absorbs attacks. (AC +1, EV +1)


Message History

As you open the door, it creaks loudly!
There is an open door here.
There is a stone staircase leading down here.
You climb downwards.
Level annotation: Robin A goblin and 3 gnolls come into view.
The goblin shouts!
The gnoll shouts! x3
The gnoll misses you. The goblin hits you but does no damage.
The gnoll hits you from afar with a +0 spear.
The gnoll hits you with a +0 flail! The gnoll hits you with a +0 club.
* * * LOW HITPOINT WARNING * * *
The gnoll shouts!
Found a lumpy yellow potion.
Found two stone staircases leading down.
There is a stone staircase leading up, spattered with blood here.
The goblin closely misses you.
The gnoll hits you from afar with a +0 spear.
* * * LOW HITPOINT WARNING * * *
The gnoll hits you with a +0 club.
You die...

## .# .. ##.#
#.#.#.# #
#....!#
##>###.....##
......>..g..##
#....gg.....#
#..@gg..#
##.....##
##)..## ##..#
#..# #!.# #..#
..#####..#
.........######


You could see 4 gnolls and a goblin.

Vanquished Creatures
  An orc wizard (D:3)
  2 adders (D:2)
  2 oozes
  2 worms
  3 leopard geckos
  7 orcs
  3 ball pythons
  6 bats
  A giant cockroach (D:1)
  9 goblins
  7 hobgoblins
  6 jackals (D:2)
  A quokka (D:2)
  3 frilled lizards
  11 kobolds
  12 rats
76 creatures vanquished.

Vanquished Creatures (others)
  196 foxfires
196 creatures vanquished.

Grand Total: 272 creatures vanquished

Notes
Turn   | Place    | Note
-------+----------+-------------------------------------------
     0 | D:1      | Gauvater the Octopode Fire Elementalist began the quest for
                  | the Orb.
     0 | D:1      | Reached XP level 1. HP: 11/11 MP: 3/3
   297 | D:1      | Reached XP level 2. HP: 17/17 MP: 0/5
   967 | D:1      | Reached XP level 3. HP: 21/21 MP: 3/6
  1858 | D:2      | Learned a level 3 spell: Conjure Flame
  2023 | D:2      | Reached XP level 4. HP: 27/27 MP: 5/8
  2937 | D:3      | Found an iron altar of Okawaru.
  3213 | D:3      | Noticed Robin
  3403 | D:3      | Reached XP level 5. HP: 32/32 MP: 4/9
  3542 | D:3      | Reached skill level 4 in Fire Magic
  3770 | D:3      | Slain by a gnoll

Illustrated notes

Levels and vault maps discovered:
D:1:      scummos_arrival_forest, layout_basic
D:2:      kennysheep_big_flooded_room, layout_loops_corners,
          minmay_fractal_squares_5
D:3:      layout_loops_ring, old_standard_altar, kennysheep_pointless_box,
          grunt_decor_fettered, uniq_grinder, uniq_robin

Skill      XL: |  1  2  3  4  5 |
---------------+----------------+-----
Stealth        | 3 |  3.1
Spellcasting   | 3 |  3.2
Conjurations   | 2 |  2.1
Fire Magic     | 4 |  4.0
Fighting       | |  0.6
Short Blades   | |  0.1
Dodging        | |  2.4

Action                   |  1- 3 |  4- 6 || total
-------------------------+-------+-------++-------
Melee: Unarmed           |     3 |       ||     3
       Short sword       |     1 |    13 ||    14
       Tentacles         |     1 |     2 ||     3
       Constrict         |       |     5 ||     5
       Staff             |       |     2 ||     2
Throw: Stone             |       |     1 ||     1
 Cast: Foxfire           |    50 |    62 ||   112
 Stab: Sleeping          |       |     1 ||     1
Armor: Skin              |     4 |     4 ||     8
Dodge: Dodged            |    16 |    33 ||    49
